 Dungeon Crawl Stone Soup version 0.18-a0-1666-g3ea6f2b (webtiles) character file.

2422 Ijustatesigmund the Slicer (level 9, -5/56 HPs)
             Began as a Kobold Assassin on Mar 31, 2016.
             Was a Priest of Cheibriados.
             Slain by an orc warrior
             ... wielding a +0 short sword
              (17 damage)
             ... on level 7 of the Dungeon.
             The game lasted 00:35:24 (7064 turns).

Ijustatesigmund the Slicer (Kobold Assassin)        Turns: 7064, Time: 00:35:25

Health: -5/56      AC:  9    Str: 17    XL:     9   Next: 76%
Magic:  0/10       EV: 17    Int: 17    God:    Cheibriados [***...]
Gold:   36         SH:  0    Dex: 26    Spells: 2 memorised, 4 levels left

rFire  + . .     SeeInvis .     k - +3 dagger
rCold  x . .     Gourm    .     y - +1 leather armour
rNeg   + . .     Faith    .     (shield restricted)
rPois  .         Spirit   .     L - +1 helmet
rElec  .         Dismiss  .     d - +1 cloak
rCorr  .         Reflect  .     (no gloves)
SustAt .         Harm     .     o - +0 pair of boots
MR     .....                    (no amulet)
Stlth  +++++.....               n - ring of fire
                                w - ring of positive energy

@: lethally poisoned (-5 -> -5), about to teleport, very slightly contaminated,
very slow, not resistant to hostile enchantments, quite stealthy
A: carnivore 3
a: Bend Time, Temporal Distortion, Renounce Religion


You were on level 7 of the Dungeon.
You worshipped Cheibriados.
Cheibriados was most pleased with you.
You were full.

You visited 1 branch of the dungeon, and saw 7 of its levels.

You collected 296 gold pieces.
You spent 260 gold pieces at shops.

Inventory:

Hand Weapons
 a - a +2 dagger
 b - a +0 blowgun
 k - a +3 dagger (weapon)
 r - a +1 dagger of venom
 E - a +1 vampiric dagger
Missiles
 e - 48 poisoned needles
Armour
 d - a +1 cloak (worn)
 o - a +0 pair of boots (worn)
 y - a +1 leather armour (worn)
 B - a +2 leather armour of fire resistance
 L - a +1 helmet (worn)
 M - a +0 buckler
Jewellery
 n - a ring of fire (right hand)
 w - a ring of positive energy (left hand)
Wands
 t - a wand of slowing (18/48)
 z - a wand of acid (0/15)
Scrolls
 j - a scroll of teleportation
 l - 2 scrolls of immolation
 m - 4 scrolls of magic mapping
 C - 2 scrolls of recharging
 G - 2 scrolls of enchant armour
 K - a scroll of remove curse
 N - a scroll of fog {unknown}
Potions
 f - a potion of ambrosia
 h - 2 potions of lignification
 p - a potion of resistance {unknown}
 q - a potion of degeneration {unknown}
 x - a potion of brilliance {unknown}
 J - a potion of agility {unknown}
Books
 A - a book of Fire

   Spells                             Type                      Level
   a - Ignite Poison                  Fire/Transmutation/Poison    3
   b - Fireball                       Conjuration/Fire             5
   c - Bolt of Fire                   Conjuration/Fire             6
   d - Delayed Fireball               Conjuration/Fire             7
   e - Ring of Flames                 Charms/Fire                  7
 D - a book of Maledictions

   Spells                             Type                      Level
   a - Corona                         Hexes                        1
   b - Ensorcelled Hibernation        Hexes/Ice                    2
   c - Confuse                        Hexes                        3
   d - Tukima's Dance                 Hexes                        3
   e - Dazzling Spray                 Conjuration/Hexes            3
 F - a Fen Folio

   Spells                             Type                      Level
   a - Corpse Rot                     Necromancy                   2
   b - Stone Arrow                    Conjuration/Earth            3
   c - Leda's Liquefaction            Hexes/Earth                  4
   d - Summon Forest                  Summoning/Translocation      5
   e - Hydra Form                     Transmutation                6
   f - Summon Hydra                   Summoning                    7
 I - a book of Minor Magic

   Spells                             Type                      Level
   a - Magic Dart                     Conjuration                  1
   b - Blink                          Translocation                2
   c - Call Imp                       Summoning                    2
   d - Repel Missiles                 Charms/Air                   2
   e - Slow                           Hexes                        2
   f - Conjure Flame                  Conjuration/Fire             3
   g - Mephitic Cloud                 Conjuration/Poison/Air       3
 O - a book of Clouds

   Spells                             Type                      Level
   a - Mephitic Cloud                 Conjuration/Poison/Air       3
   b - Conjure Flame                  Conjuration/Fire             3
   c - Poisonous Cloud                Conjuration/Poison/Air       6
   d - Freezing Cloud                 Conjuration/Ice/Air          6
   e - Ring of Flames                 Charms/Fire                  7
Comestibles
 g - 5 meat rations
 i - 2 slices of pizza
 v - a beef jerky


   Skills:
 + Level 6.4 Fighting
 - Level 9.0 Short Blades
 - Level 4.5 Throwing
 - Level 3.6 Dodging
 - Level 8.0 Stealth
 + Level 3.5 Hexes
 + Level 3.5 Translocations
 + Level 2.2 Ice Magic
 - Level 2.1 Invocations


You had 4 spell levels left.
You knew the following spells:

 Your Spells              Type           Power        Failure   Level  Hunger
a - Ensorcelled Hibernat  Hex/Ice        #.....       17%         2    ###....
b - Blink                 Tloc           N/A          12%         2    ###....


Dungeon Overview and Level Annotations

Branches:
Dungeon (7/15)             Temple (0/1) D:5

Altars:
Cheibriados
Dithmenos
Elyvilon
Fedhas
Gozag
Okawaru
Sif Muna
Trog
Vehumet
Xom

Shops:
D:2 *   D:6 :


Innate Abilities, Weirdness & Mutations

You are small and have problems with some larger weapons.
You are carnivorous and can eat meat at any time.


Message History

You are very lightly contaminated with residual magic.
Nothing appears to happen.
Casting: Ensorcelled Hibernation
Confirm with . or Enter, or press ? or * to list all spells.
Aiming: Ensorcelled Hibernation
Press: ? - help, Shift-Dir - straight line, f/p - orc warrior
Aim: an orc warrior, wielding a short sword and wearing a chain mail (chance to defeat MR: 36%)
You feel a numb sensation.
The orc warrior easily resists.
The orc warrior hits you with a short sword.
* * * LOW HITPOINT WARNING * * *
Read which item? (? for menu, Esc to quit)
Okay, then.
Drink which item? (? for menu, Esc to quit)
Okay, then.
Read which item? (? for menu, Esc to quit)
As you read the scroll of teleportation, it crumbles to dust.
You feel strangely unstable. The orc warrior misses you.
You feel sick.
The orc warrior hits you with a short sword!
You die...

..#.............
#.#.###.....#...
###.#.####...###.#
#.........#.## #.#
#....o..#.#.####.#
#.#.#.#.#.#....... .
#.###.#.#........# #.
#o# #.#.#########.
#.###@###.#.# ##.
##......##.#.# ##.#
##..........#.# #.##
#........####.## ##.#
................# #..
##........####..# #..
...####......((.o....#
#..
............)#####...#
#.. ##.(#.#.# ....#
#.)


You could see an orc warrior.

Vanquished Creatures
  Grinder (D:6)
  An orc warrior (D:7)
  A sky beast (D:6)
  A wasp (D:5)
  5 centaurs
  Blork the orc (D:6)
  A giant frog (D:6)
  A gnoll sergeant (D:6)
  A scorpion (D:7)
  A water moccasin skeleton (D:6)
  9 killer bees (D:7)
  A howler monkey (D:5)
  A centaur zombie (D:5)
  A giant frog zombie (D:6)
  A jelly (D:5)
  3 orc priests
  3 orc wizards (D:4)
  5 worker ants
  4 iguanas
  A howler monkey zombie (D:5)
  2 worker ant zombies
  9 gnolls
  6 adders
  A shadow imp (D:5)
  An ooze (D:2)
  2 worms
  5 dart slugs
  5 giant geckos
  23 orcs
  11 bats
  8 giant cockroaches
  14 goblins
  3 hobgoblins
  10 jackals
  5 quokkas
  2 ball pythons
  A giant gecko skeleton (D:4)
  6 giant newts
  3 kobolds
  11 rats
171 creatures vanquished.

Notes
Turn   | Place    | Note
--------------------------------------------------------------
     0 | D:1      | Ijustatesigmund the Kobold Assassin began the quest for the Orb.
     0 | D:1      | Reached XP level 1. HP: 12/12 MP: 1/1
   104 | D:1      | Reached skill level 3 in Short Blades
   104 | D:1      | Reached XP level 2. HP: 15/18 MP: 2/2
   319 | D:1      | Reached XP level 3. HP: 22/22 MP: 3/3
   920 | D:2      | Found a white marble altar of Elyvilon.
  1072 | D:2      | Reached XP level 4. HP: 27/27 MP: 4/4
  1289 | D:2      | Found Gozag's Platinum Reserve.
  1310 | D:2      | Found an opulent altar of Gozag.
  1738 | D:2      | Reached skill level 4 in Short Blades
  1835 | D:2      | Reached XP level 5. HP: 32/32 MP: 5/5
  2110 | D:3      | Found a deep blue altar of Sif Muna.
  2615 | D:4      | You fall through a shaft for 3 floors!
  2617 | D:7      | Noticed an orc warrior
  2619 | D:7      | Reached XP level 6. HP: 37/37 MP: 6/6
  2699 | D:5      | Entered Level 5 of the Dungeon
  2825 | D:5      | Reached skill level 5 in Short Blades
  2995 | D:4      | Found a bloodstained altar of Trog.
  3091 | D:4      | Reached XP level 7. HP: 41/41 MP: 7/7
  3402 | D:4      | Found a snail-covered altar of Cheibriados.
  3408 | D:4      | Became a worshipper of Cheibriados the Contemplative
  3724 | D:4      | Reached skill level 6 in Short Blades
  3866 | D:4      | Reached * piety under Cheibriados
  4517 | D:5      | Found a staircase to the Ecumenical Temple.
  4641 | D:5      | Reached skill level 1 in Invocations
  4641 | D:5      | Reached XP level 8. HP: 48/48 MP: 8/8
  4703 | D:5      | Reached skill level 7 in Short Blades
  4746 | D:5      | Found a shadowy altar of Dithmenos.
  4750 | D:5      | Found a shimmering altar of Xom.
  4752 | D:5      | Found a radiant altar of Vehumet.
  4754 | D:5      | Found a blossoming altar of Fedhas.
  4755 | D:5      | Found an iron altar of Okawaru.
  4763 | D:5      | Learned a level 2 spell: Ensorcelled Hibernation
  5213 | D:6      | Reached ** piety under Cheibriados
  5213 | D:6      | Reached skill level 1 in Ice Magic
  5438 | D:6      | Found Garulaev's Book Boutique.
  5446 | D:6      | Bought a book of Minor Magic for 260 gold pieces
  5449 | D:6      | Learned a level 2 spell: Blink
  5554 | D:6      | Reached skill level 5 in Fighting
  5554 | D:6      | Reached skill level 1 in Hexes
  5554 | D:6      | Reached skill level 1 in Translocations
  5828 | D:6      | Noticed Blork the orc
  5847 | D:6      | Killed Blork the orc
  5847 | D:6      | Reached XP level 9. HP: 35/54 MP: 5/10
  5847 | D:6      | Reached skill level 8 in Short Blades
  6030 | D:6      | Noticed Grinder
  6054 | D:6      | Killed Grinder
  6361 | D:7      | Reached skill level 9 in Short Blades
  6519 | D:7      | HP: 1/55 [orc priest/divine providence (7)]
  6959 | D:7      | Reached *** piety under Cheibriados
  7064 | D:7      | Slain by an orc warrior

Vault maps used:
D:1:      co_arrival_random_square_maze
D:2:      elyvilon_altar_5, roderic_lattice_a, nicolae_gozag_zags_fifth_avenue
D:3:      old_standard_altar
D:4:      old_standard_altar, cheibriados_altar_1
D:5:      grunt_temple_overflow_open, minmay_temple_entry_glass, first_bread
D:6:      serial_shops, shop, grunt_decor_one_mirror, uniq_blork_the_orc,
          uniq_grinder
D:7:      kennysheep_generic_room_12

Skill      XL: |  1  2  3  4  5  6  7  8  9 |
---------------+----------------------------+-----
Short Blades   | 3 4 5 6 7 9 |  9.0
Stealth        | 6 7 8 |  8.0
Fighting       | 3 4 5 6 |  6.4
Dodging        | 2 3 |  3.6
Throwing       | 4 |  4.5
Invocations    | 1 2 |  2.1
Ice Magic      | 1 2 |  2.2
Hexes          | 1 3 |  3.5
Translocations | 1 3 |  3.5

Action                   |  1- 3 |  4- 6 |  7- 9 || total
-------------------------+-------+-------+-------++-------
Melee: Dagger            |    62 |   129 |   311 ||   502
 Fire: Blowgun           |     7 |     3 |    43 ||    53
Throw: Tomahawk          |       |     5 |    72 ||    77
 Cast: Blink             |       |       |     3 ||     3
       Ensorcelled Hiber |       |       |    12 ||    12
Evoke: Wand              |       |       |     3 ||     3
  Use: Scroll            |     8 |     8 |     8 ||    24
       Potion            |       |     2 |     7 ||     9
 Stab: Sleeping          |    14 |    22 |    11 ||    47
       Distracted        |     1 |     2 |     1 ||     4
  Eat: Chunk             |     8 |     7 |    11 ||    26
